 Dungeon Crawl Stone Soup version 0.29-a0-993-g4a18f31a58 (webtiles) character file.

Game seed: 1144800567686931021

55 concernfroge the Trooper (level 3, -3/31 HPs)
             Began as a Mummy Monk on Aug 3, 2022.
             Slain by a worm (5 damage)
             ... on level 2 of the Dungeon.
             The game lasted 00:04:49 (1896 turns).

concernfroge the Trooper (Mummy Monk)               Turns: 1896, Time: 00:04:50

Health: -3/31      AC: 10    Str: 16    XL:     3   Next: 67%
Magic:  3/3        EV:  5    Int:  9    God:
Gold:   112        SH:  0    Dex: 14    Spells: 2/2 levels left

rFire   x . .      SeeInvis .   a - +0 spear
rCold   + . .      Faith    .   (no shield)
rNeg    + + +      Spirit   .   h - +0 plate armour
rPois   ∞          Reflect  .   (no helmet)
rElec   .          Harm     .   (no cloak)
rCorr   .          Rampage  .   (no gloves)
Will    .....                   (no boots)
Stlth   ..........              (no amulet)
HPRegen 0.10/turn               (no ring)
MPRegen 0.08/turn               (no ring)

@: no status effects
A: cold resistance 1, negative energy resistance 3, torment resistance 2, heat
vulnerability 1, in touch with death 1, no potions
a: no special abilities


You were on level 2 of the Dungeon.
You visited 1 branch of the dungeon, and saw 3 of its levels.

You collected 112 gold pieces.

Inventory:

Hand Weapons
 a - a +0 spear (weapon)
Missiles
 c - 4 javelins (quivered)
Armour
 h - a +0 plate armour (worn)
Wands
 j - a wand of polymorph (1)
Scrolls
 b - a scroll of magic mapping {unknown}
 d - a scroll of enchant weapon {unknown}
 e - a scroll of poison {unknown}
 f - a scroll of immolation {unknown}
 g - 2 scrolls of identify {unknown}
 i - a scroll of butterflies {unknown}
 k - a scroll of teleportation {unknown}


   Skills:
 + Level 4.7 Fighting
 - Level 2.4 Polearms
 - Level 2.4 Dodging
 - Level 1.5 Stealth


You had 2 spell levels left.
You didn't know any spells.
Your spell library contained the following spells:

 Spells                   Type           Power      Damage    Failure   Level
 Necrotise                Necr           0%         1d4       100%        1
 Blink                    Tloc           0%         N/A       100%        2
 Summon Lightning Spire   Summ/Air       0%         N/A       100%        4
 Manifold Assault         Tloc           0%         N/A       100%        5
 Maxwell's Capacitive Co  Air            0%         ∞         100%        8
 Storm Form               Tmut/Air       Unusable   N/A       N/A         7

Dungeon Overview and Level Annotations

Branches:
Dungeon (3/15)

Altars:


Innate Abilities, Weirdness & Mutations

You are immune to poison.
Your flesh is cold resistant. (rC+)
You are immune to negative energy. (rN+++)
You are immune to unholy pain and torment.
You are vulnerable to heat. (rF-)
You are in touch with the powers of death.
You do not drink.


Message History

The orc hits you with a +0 club.
You hit the worm.
The worm is lightly wounded.
The orc hits you but does no damage. The worm bites you but does no damage.
You hit the worm.
The worm is lightly wounded.
The orc hits you but does no damage.
You hit the worm.
The worm is moderately wounded.
The orc hits you with a +0 club. The worm bites you.
* * * LOW HITPOINT WARNING * * *
You hit the worm.
The worm is heavily wounded.
The orc hits you but does no damage. The worm bites you.
* * * LOW HITPOINT WARNING * * *
You hit the worm.
The worm is severely wounded.
The orc hits you with a +0 club.
* * * LOW HITPOINT WARNING * * *
You barely miss the worm.
The worm is severely wounded.
The orc hits you but does no damage. The worm barely misses you.
You hit the worm but do no damage.
The worm is severely wounded.
The orc hits you with a +0 club.
* * * LOW HITPOINT WARNING * * *
You barely miss the worm.
The worm is severely wounded.
The orc barely misses you. The worm completely misses you.
You hit the worm.
The worm is severely wounded.
The orc hits you with a +0 club.
* * * LOW HITPOINT WARNING * * *
You hit the worm.
The worm is almost dead.
The orc hits you but does no damage. The worm barely misses you.
You hit the worm.
The worm is almost dead.
The orc hits you but does no damage. The worm bites you.
You die...

#####.......#....#......
#.....[..<..#....)......
#.....#+#......#.#......
#.....#.#...#....#.#....
#.....#.#.#.#...........
#.......#.#...#.....####
#.......#.....#.....#...
#......o#####.#####.#.##
#......@w..<............
#.....###.#.#######.#.##
#.....# #.#.##### #.....
#########.#.....# ##....
#........# #....
#........# #[...
#........# #....
#........# #....
#####........####....


You could see a worm and an orc.

Vanquished Creatures
  An adder (D:2)
  3 worms (D:2)
  An orc (D:2)
  4 ball pythons
  6 bats
  An endoplasm (D:2)
  2 giant cockroaches (D:1)
  8 goblins
  2 hobgoblins
  A quokka (D:1)
  4 frilled lizards
  A kobold (D:2)
  3 rats
37 creatures vanquished.

Notes
Turn   | Place    | Note
-------+----------+-------------------------------------------
     0 | D:1      | concernfroge the Mummy Monk began the quest for the Orb.
     0 | D:1      | Reached XP level 1. HP: 18/18 MP: 1/1
   101 | D:1      | Found a faded altar of an unknown god.
   125 | D:1      | Got Plato's Treatise on the Mortuary
   212 | D:1      | Reached XP level 2. HP: 18/24 MP: 2/2
   660 | D:1      | Reached skill level 4 in Fighting
  1199 | D:2      | Gained mutation: You are in touch with the powers of death.
                  | [Mummy growth]
  1199 | D:2      | Reached XP level 3. HP: 30/30 MP: 3/3
  1390 | D:2      | Identified the +1 leather armour of Monedih {rN+++ Will-
                  | Int+4}
  1896 | D:2      | Slain by a worm

Illustrated notes

Levels and vault maps discovered:
D:1:      eino_arrival_tree_alley, layout_basic,
          shapermc_ecumenical_altar_rom_forum
D:2:      layout_basic, minmay_tetromino_t2
D:3:      layout_loops_corners, nicolae_qazlal_general_emergency, serial_undead,
          serial_undead_a, serial_undead_c, serial_undead_f, serial_undead_e,
          serial_shops, nicolae_shop_competitors_out_of_business, uniq_ijyb

Skill      XL: |  1  2 |
---------------+-------+-----
Fighting       | 4 |  4.7
Polearms       | |  2.4
Dodging        | |  2.4
Stealth        | |  1.5

Action                   || total
-------------------------++-------
Melee: Spear             ||   201
       Punch             ||     1
 Stab: Sleeping          ||     5
Armor: Robe              ||    13
       Plate armour      ||    46
       Leather armour    ||     1
Dodge: Dodged            ||    73

Table legend: (Time is in decaauts)
 A = Elapsed time spent in this place.
 B = Non-inter-level travel time spent in this place.
 C = Inter-level travel time spent in this place.
 D = Time resting spent in this place.
 E = Time spent auto-exploring this place.
 F = Levels seen in this place.
 G = Mean time per level.
                   A        B        C        D        E       F      G
               +--------+--------+--------+--------+--------+-----+--------+
         Total |   1891 |   1820 |     71 |      0 |   1462 |   3 |  630.3 |
       Dungeon |   1891 |   1820 |     71 |      0 |   1462 |   3 |  630.3 |
               +--------+--------+--------+--------+--------+-----+--------+

Top non-repeatable levels by time:
     D:1: 1097 daAuts
     D:2: 790 daAuts
     D:3: 3 daAuts
